 Dungeon Crawl Stone Soup version 0.19.0 (webtiles) character file.

0 tyranidshit the Skirmisher (level 1, 18/18 HPs)
             Began as a Demonspawn Abyssal Knight on Nov 1, 2016.
             Was a Follower of Lugonu.
             Quit the game on level 2 of the Abyss.
             The game lasted 00:01:13 (879 turns).

tyranidshit the Skirmisher (DsAK)                    Turns: 879, Time: 00:01:13

Health: 18/18      AC:  3    Str: 12    XL:     1   Next: 0%
Magic:  2/2        EV: 11    Int: 13    God:    Lugonu [*.....]
Gold:   6          SH:  0    Dex: 12    Spells: 0 memorised, 0 levels left

rFire  . . .     SeeInvis .     a - +1 hand axe
rCold  . . .     Gourm    .     b - +0 leather armour
rNeg   . . .     Faith    .     (no shield)
rPois  .         Spirit   .     (no helmet)
rElec  .         Reflect  .     (no cloak)
rCorr  .         Harm     .     (no gloves)
MR     .....                    (no boots)
Stlth  +.........               (no amulet)
                                (no ring)
                                (no ring)

@: no status effects
A: no striking features
a: Depart the Abyss, Renounce Religion


You were on level 2 of the Abyss.
You worshipped Lugonu.
Lugonu was aware of your devotion.
You were not hungry.

You visited 0 branches of the dungeon, and saw 0 of its levels.
You visited the Abyss 1 time.

You collected 6 gold pieces.

Inventory:

Hand Weapons
 a - a +1 hand axe (weapon)
Armour
 b - a +0 leather armour (worn)
Comestibles
 c - a bread ration


   Skills:
 + Level 3.0 Fighting
 + Level 1.7 Axes
 + Level 1.7 Armour
 + Level 0.8 Dodging
 + Level 2.4 Invocations


You couldn't memorise any spells.
You didn't know any spells.

Dungeon Overview and Level Annotations

Branches:
Dungeon (0/15)

Altars:


Message History

The raiju barks!
The tormentor grins evilly.
The tormentor says, "I'll show you my torture chamber!"
The raiju barks!
The raiju barks!
The great orb of eyes turns its gaze towards you.
The great orb of eyes pulsates ominously.
The chaos spawn grows dozens of eye stalks in order to get a better look at you.
The guardian serpent shouts!
The chaos spawn gurgles horribly!
The white imp shouts, "Quit, thou quaking mumble-news mish-mash!"
The thrashing horror roars!
The raiju barks!
The raiju barks!
The raiju barks!
Unknown command.
The ynoxinul bellows!
You aren't carrying any spellbooks or scrolls.
It was a potion of heal wounds.
You feel much better.
Are you sure you want to abandon this character and quit the game? (Confirm with "yes".) X

#N.X
.#.x.
X#*h
G43#
#xD#
###X#
#@#
####
##


You could see a bone dragon, a tentacled monstrosity, a wretched star, a great
orb of eyes, 2 ancient zymes, 2 large abominations, a hellwing, a raiju and a
neqoxec.

Vanquished Creatures (others)
  A blink frog (Abyss:2)
  A small abomination (Abyss:2)
  An ufetubus (Abyss:2)
3 creatures vanquished.

Notes
Turn   | Place    | Note
-------+----------+-------------------------------------------
     0 | Abyss:1  | tyranidshit the Demonspawn Abyssal Knight began the quest for the Orb.
     0 | Abyss:1  | Reached XP level 1. HP: 18/18 MP: 2/2
    61 | Abyss:2  | Noticed a small abomination
    66 | Abyss:2  | Noticed an ancient zyme
   138 | Abyss:2  | Noticed a ynoxinul
   144 | Abyss:2  | Noticed a large abomination
   156 | Abyss:2  | Noticed a neqoxec
   161 | Abyss:2  | Noticed a neqoxec
   271 | Abyss:2  | Noticed a hellwing
   283 | Abyss:2  | Noticed a large abomination
   311 | Abyss:2  | Noticed a thrashing horror
   315 | Abyss:2  | Noticed a large abomination
   330 | Abyss:2  | Killed a blink frog
   332 | Abyss:2  | Noticed an ancient zyme
   357 | Abyss:2  | Noticed a neqoxec
   363 | Abyss:2  | Noticed a small abomination
   406 | Abyss:2  | Noticed a wretched star
   430 | Abyss:2  | Noticed a flayed ghost
   447 | Abyss:2  | Noticed an efreet
   453 | Abyss:2  | Noticed a large abomination
   461 | Abyss:2  | Noticed a tormentor
   466 | Abyss:2  | Noticed a tentacled monstrosity
   474 | Abyss:2  | Noticed a large abomination
   500 | Abyss:2  | Noticed a worldbinder
   530 | Abyss:2  | Noticed an efreet
   546 | Abyss:2  | Noticed a guardian serpent
   556 | Abyss:2  | Noticed a naga
   565 | Abyss:2  | Noticed a naga warrior
   621 | Abyss:2  | Noticed a bone dragon
   630 | Abyss:2  | Noticed a chaos spawn
   638 | Abyss:2  | Noticed a raiju
   643 | Abyss:2  | Noticed a shock serpent skeleton
   645 | Abyss:2  | Noticed a raiju
   650 | Abyss:2  | Noticed a raiju
   667 | Abyss:2  | Noticed a great orb of eyes
   671 | Abyss:2  | Noticed an efreet
   709 | Abyss:2  | Noticed a chaos spawn
   721 | Abyss:2  | Noticed an apocalypse crab
   739 | Abyss:2  | Noticed a large abomination
   744 | Abyss:2  | Noticed a thrashing horror
   748 | Abyss:2  | Noticed a raiju
   749 | Abyss:2  | Noticed a tentacled starspawn
   757 | Abyss:2  | Noticed a raiju
   765 | Abyss:2  | Noticed a raiju
   813 | Abyss:2  | Noticed a ynoxinul
   821 | Abyss:2  | Noticed a large abomination
   824 | Abyss:2  | Killed a small abomination
   879 | Abyss:2  | Quit the game

Action                   || total
-------------------------++-------
  Use: Potion            ||     1
